Map: [ESL] Stargazers

Players

Maplez - Winner!

  • Race: Protoss Protoss
  • Spawn Location: 1:00

ShaDow

  • Race: Zerg Zerg
  • Spawn Location: 11:00

Event: DreamHack SC2 Masters 2022 Valencia

VOD

Have the link to the VOD?

Description

Time

  • Played on: July 1, 2022, 5:40 a.m.
  • Length: 6:44

All games in this series

Show
View Real Time Build Order
Export as new Build Order

Maplez Protoss - Winner!

Build Orders: 1 Gate Expand 

Get SALT Encoding   

  12  0:00  Probe  
  13  0:12  Probe  
  14  0:18  Pylon  
  14  0:25  Probe (Chrono Boost)  
  15  0:37  Probe (Chrono Boost)  
  15  0:40  Gateway  
  16  0:45  Probe (Chrono Boost)  
  17  0:52  Assimilator  
  17  0:53  Probe  
  18  1:05  Probe  
  19  1:17  Probe  
  20  1:22  Pylon  
  20  1:27  Cybernetics Core  
  20  1:40  Nexus  
  20  1:46  Zealot (Chrono Boost)  
  22  1:52  Pylon  
  22  1:57  Probe  
  23  2:10  Adept (Chrono Boost)  
  23  2:12  Gateway  
  25  2:15  Probe  
  26  2:27  Assimilator  
  26  2:28  Probe  
  27  2:40  Probe  
  30  2:52  Stalker (Chrono Boost)  
  30  2:54  Shield Battery  
  30  2:55  Shield Battery  
  29  3:08  Stalker (Chrono Boost)  
  31  3:15  Gateway  
  33  3:20  Stalker (Chrono Boost)  
  33  3:28  Shield Battery  
  33  3:35  Shield Battery  
  33  3:42  Cybernetics Core  
  33  3:47  Probe  
  32  3:54  Probe  
  33  3:57  Pylon  
  33  4:00  Probe  
  34  4:06  Probe  
  35  4:12  Probe  
  36  4:18  Probe  
  36  4:21  Shield Battery  
  39  4:25  Warp Gate  
  39  4:31  Stargate  
  39  4:38  Probe  
  40  4:41  Probe  
  40  4:43  Shield Battery  
  39  4:50  Probe  
  40  4:53  Probe  
  40  4:57  Pylon  
  40  4:59  Pylon  
  41  5:02  Probe  
  41  5:06  Stalker (Chrono Boost)  
  46  5:21  Void Ray (Chrono Boost)  
  46  5:25  Probe  
  46  5:26  Probe  
  46  5:37  Probe  
  46  5:39  Probe  
  46  5:40  Shield Battery  
  45  5:49  Probe  
  44  5:53  Void Ray (Chrono Boost)  
  44  5:55  Shield Battery  
  48  5:57  Probe  
  44  6:16  Stalker  
  50  6:33  Pylon  
  50  6:34  Pylon  
  49  6:40  Pylon  
Show
View Real Time Build Order
Export as new Build Order

ShaDow Zerg 

Build Orders: Pool First 

Get SALT Encoding   

  12  0:00  Drone  
  13  0:12  Overlord  
  13  0:16  Drone  
  14  0:30  Drone x2  
  16  0:41  Spawning Pool  
  15  0:45  Drone  
  16  0:50  Drone  
  17  1:14  Hatchery  
  17  1:26  Hatchery  
  17  1:27  Zergling x6  
  19  1:37  Extractor  
  19  1:39  Zergling x2  
  19  1:41  Queen  
  21  1:54  Zergling x2  
  22  2:01  Overlord  
  23  2:33  Zergling x6  
  26  2:40  Spine Crawler  
  26  2:41  Spine Crawler  
  26  2:43  Spine Crawler  
  22  2:45  Zergling x2  
  22  2:46  Queen  
  22  2:49  Zergling x4  
  27  2:55  Zergling x2  
  28  3:04  Zergling x4  
  30  3:10  Zergling x4  
  31  3:22  Queen  
  33  3:27  Zergling x2  
  33  3:28  Zergling x2  
  34  3:34  Zergling x2  
  34  3:35  Zergling x2  
  31  3:41  Zergling x2  
  31  3:48  Zergling x4  
  29  3:59  Zergling x6  
  30  4:11  Zergling x6  
  32  4:21  Zergling x4  
  31  4:28  Zergling x2  
  31  4:29  Zergling x2  
  30  4:39  Queen  
  31  4:48  Zergling x4  
  32  4:59  Zergling x6  
  31  5:06  Zergling x4  
  33  5:11  Zergling x2  
  33  5:20  Zergling x4  
  34  5:23  Zergling x2  
  33  5:30  Zergling x2  
  33  5:33  Zergling x2  
  33  5:40  Zergling x2  
  34  5:46  Zergling x2  
  33  5:52  Zergling x4  
  28  6:05  Zergling x8  
  30  6:16  Zergling x2  
  32  6:25  Zergling x2  
  32  6:26  Zergling x2  

Tags
 
Add a new tag
Caveats
  • Supply blocks, unpowered buildings, or Contaminate may cause inaccurate times.
  • Supply counts are checked every 10 seconds.